 Dungeon Crawl Stone Soup version 0.28-a0-464-g0687ed57fd (webtiles) character file.

Game seed: 14180974857656094485

57 GordonOverkill the Grave Robber (level 3, 0/16 HPs)
             Began as a Felid Necromancer on Sept 14, 2021.
             Was an Initiate of Vehumet.
             Killed from afar by Blork the orc (8 damage)
             ... with a magic dart
             ... on level 4 of the Dungeon.
             The game lasted 00:09:27 (6966 turns).

GordonOverkill the Grave Robber (Felid Necromancer) Turns: 6966, Time: 00:09:27

Health: 0/16       AC:  1    Str:  4    XL:     3   Next: 73%
Magic:  15/17      EV: 17    Int: 17    God:    Vehumet [......]
Gold:   141        SH:  0    Dex: 16    Spells: 3/8 levels left
                                        Lives:  0   Deaths: 1

rFire   . . .      SeeInvis +   (weapon unavailable)
rCold   . . .      Faith    .   (shield unavailable)
rNeg    . . .      Spirit   .   (armour unavailable)
rPois   .          Reflect  .   (helmet unavailable)
rElec   .          Harm     .   (cloak unavailable)
rCorr   .          Rampage  .   (gloves unavailable)
Will    .....                   (boots unavailable)
Stlth   ++........              (no amulet)
HPRegen 0.05/turn               g - ring of magical power
MPRegen 0.15/turn               (no ring)

@: quick
A: very small, claws 1, fangs 3, see invisible, speed 1, shaggy fur 1, stealthy
paws, no weapons or thrown items, no armour, multi-lived
a: Renounce Religion


You were on level 4 of the Dungeon.
You worshipped Vehumet.
Vehumet was noncommittal.
You visited 1 branch of the dungeon, and saw 4 of its levels.

You collected 141 gold pieces.

Inventory:

Jewellery
 g - a ring of magical power (left paw)
 h - a +4 ring of slaying
Scrolls
 d - a scroll of magic mapping {unknown}
 f - a scroll of fear {unknown}
 i - a scroll of enchant armour {unknown}
Potions
 a - a potion of mutation {unknown}
 b - a potion of lignification
 c - a potion of haste
 e - a potion of flight


   Skills:
 + Level 2.9 Fighting
 - Level 2.6 Dodging
 - Level 2.6 Stealth
 + Level 3.4 Spellcasting
 - Level 4.0 Necromancy
 + Level 0.7 Poison Magic


You had 3 spell levels left.
You knew the following spells:

 Your Spells              Type           Power      Damage    Failure   Level
a - Pain                  Necr           64%        1d7       3%          1
b - Olgreb's Toxic Radia  Pois           5%         N/A       77%         4

Your spell library contained the following spells:

 Spells                   Type           Power      Damage    Failure   Level
 Animate Skeleton         Necr           32%        N/A       3%          1
 Vampiric Draining        Necr           8%         2d7       10%         3
 Sting                    Tmut/Pois      16%        1d3       14%         1
 Beastly Appendage        Tmut           4%         N/A       17%         1
 Poisonous Vapours        Pois/Air       8%         N/A       22%         2
 Wereblood                Tmut           2%         N/A       26%         2
 Spider Form              Tmut/Pois      2%         N/A       41%         3
 Animate Dead             Necr           8%         N/A       32%         4
 Agony                    Necr           16%        N/A       65%         5


Dungeon Overview and Level Annotations

Branches:
Dungeon (4/15)
 Temple: D:4-7

Altars:
Vehumet
Wu Jian

Shops:
D:3 (

Annotations:
D:4 Blork the orc


Innate Abilities, Weirdness & Mutations

You have sharp claws.
You have razor-sharp teeth.
You have supernaturally acute eyesight. (SInv)
You cover ground quickly. (Speed+)
You are covered in fur. (AC +1)
Your paws help you pounce on unaware monsters.
You are incapable of wielding weapons or throwing items.
You cannot wear armour.
You gain extra lives every three experience levels.


Message History

Casting: Pain (safe; 3% risk of failure)
Confirm with . or Enter, or press ? or * to list all spells.
Aiming: Pain (safe; 3% risk of failure)
Press: ? - help, Shift-Dir - straight line, f/p - Blork the orc
Aim: Blork the orc, wielding a +0 mace and wearing a +0 robe (lightly wounded, fast, chance to affect: 75%)
You miscast Pain.
You are very lightly contaminated with residual magic.
Nothing appears to happen.
Blork the orc hits you with a +0 mace!
You die...
Blork the orc gestures at you while chanting.
The puff of frost hits your lifeless body!
You are now level 3!
You rejoin the land of the living...
Unknown command.
Unknown command.
Casting: Pain (safe; 3% risk of failure)
Confirm with . or Enter, or press ? or * to list all spells.
Aiming: Pain (safe; 3% risk of failure)
Press: ? - help, Shift-Dir - straight line, f/p - Blork the orc
Aim: Blork the orc, wielding a +0 mace and wearing a +0 robe (lightly wounded, fast, chance to affect: 75%) Blork the orc struggles to resist.
Casting: Pain (safe; 3% risk of failure)
Confirm with . or Enter, or press ? or * to list all spells.
Aiming: Pain (safe; 3% risk of failure)
Press: ? - help, Shift-Dir - straight line, f/p - Blork the orc
Aim: Blork the orc, wielding a +0 mace and wearing a +0 robe (lightly wounded, fast, chance to affect: 75%) Blork the orc writhes in agony.
Blork the orc gestures at you while chanting.
The magic dart hits you.
* * * LOW HITPOINT WARNING * * *
Casting: Pain (safe; 3% risk of failure)
Confirm with . or Enter, or press ? or * to list all spells.
Aiming: Pain (safe; 3% risk of failure)
Press: ? - help, Shift-Dir - straight line, f/p - Blork the orc
Aim: Blork the orc, wielding a +0 mace and wearing a +0 robe (moderately wounded, fast, chance to affect: 75%) Blork the orc writhes in agony.
Blork the orc gestures at you while chanting.
The magic dart hits you!
Ouch! That really hurt!
You die...

.§.§o§. .≈w.... ###### ######
.≈≈...≈ #....# #....# .)§._..
#....# #....# .§≈...≈ #....#
#....# .≈.†§..
##....###....############w..§.§.
.+....'.........@.o..†.w...≈≈§§≈
##....#################.#.....§§
.......... ^.....)..§.
########## ###.#.......
#.#.###.## #.#.. .. #.#### # #.#


You could see Blork the orc (fast) and a dart slug.

Vanquished Creatures
  Robin (D:2)
  2 adders (D:2)
  A worm (D:2)
  A dart slug (D:1)
  8 orcs
  6 ball pythons
  6 endoplasms
  3 giant cockroaches
  8 hobgoblins
  2 jackals
  A quokka (D:4)
  7 bats
  4 frilled lizards
  15 goblins
  5 kobolds
  3 rats
73 creatures vanquished.

Vanquished Creatures (others)
  A fungus (D:2)
  2 plants (D:2)
3 creatures vanquished.

Grand Total: 76 creatures vanquished

Notes
Turn   | Place    | Note
-------+----------+-------------------------------------------
     0 | D:1      | GordonOverkill the Felid Necromancer began the quest for
                  | the Orb.
     0 | D:1      | Reached XP level 1. HP: 7/7 MP: 4/4
   677 | D:2      | Reached skill level 1 in Fighting
   835 | D:1      | Reached XP level 2. HP: 9/12 MP: 3/6
  2105 | D:2      | Reached XP level 3. HP: 11/16 MP: 5/8
  2358 | D:2      | Noticed Robin
  2389 | D:2      | Killed Robin
  3909 | D:2      | Found a faded altar of an unknown god.
  4234 | D:2      | Reached XP level 4. HP: 19/20 MP: 7/9
  4960 | D:3      | Learned a level 4 spell: Olgreb's Toxic Radiance
  4964 | D:3      | Found a radiant altar of Vehumet.
  4982 | D:3      | Became a worshipper of Vehumet
  4998 | D:3      | You fall into a shaft and drop 1 floor!
  5017 | D:3      | Found Waabuomm's Antique Weapon Shoppe.
  6942 | D:4      | Found an ornate altar of the Wu Jian Council.
  6950 | D:4      | Noticed Blork the orc
  6961 | D:4      | Slain by Blork the orc
  6962 | D:4      | Reached XP level 3. HP: -2/16 MP: 12/17
  6966 | D:4      | Killed from afar by Blork the orc

Illustrated notes

Levels and vault maps discovered:
D:1:      amcnicky_arrival_gap_in_the_tavern_cellar, layout_basic,
          minmay_liquid_box, feat_on_display
D:2:      layout_rooms, shapermc_ecumenical_altar_acropolis, serial_curves,
          eino_curves_04, eino_curves_01, minmay_misc_feat_more_columns,
          minmay_between, uniq_robin
D:3:      layout_basic, lemuel_round_altar, serial_shops, nicolae_diamond_shop
D:4:      layout_basic, mainiacjoe_overflow_small_starburst, uniq_blork_the_orc

Skill      XL: |  1  2  3 |
---------------+----------+-----
Fighting       | 1 2 |  2.9
Spellcasting   | 3 |  3.4
Dodging        | |  2.6
Stealth        | |  2.6
Necromancy     | |  4.0
Poison Magic   | |  0.7

Action                   |  1- 3 |  4- 6 || total
-------------------------+-------+-------++-------
Melee: Unarmed           |     1 |       ||     1
 Cast: Pain              |    78 |    84 ||   162
  Use: Scroll            |       |     2 ||     2
       Potion            |       |     1 ||     1
Armor: Skin              |     1 |     1 ||     2
Dodge: Dodged            |    24 |     9 ||    33

Table legend: (Time is in decaauts)
 A = Elapsed time spent in this place.
 B = Non-inter-level travel time spent in this place.
 C = Inter-level travel time spent in this place.
 D = Time resting spent in this place.
 E = Time spent auto-exploring this place.
 F = Levels seen in this place.
 G = Mean time per level.
                   A        B        C        D        E       F      G
               +--------+--------+--------+--------+--------+-----+--------+
         Total |   6410 |   6348 |     62 |   3815 |   1907 |   4 | 1602.5 |
       Dungeon |   6410 |   6348 |     62 |   3815 |   1907 |   4 | 1602.5 |
               +--------+--------+--------+--------+--------+-----+--------+

Top non-repeatable levels by time:
     D:1: 2345 daAuts
     D:2: 2096 daAuts
     D:3: 1452 daAuts
     D:4: 515 daAuts
